 Dungeon Crawl Stone Soup version 0.27.1-3-gb3d3a73c9e (webtiles) character file.

Game seed: 4075913984477883601

6202 pkoi the Grappler (level 10, -2/92 HPs)
             Began as a Troll Fighter on Oct 15, 2021.
             Was a Priest of Makhleb.
             Killed by divine providence
             ... invoked by a balrug
              (10 damage)
             ... on level 2 of the Abyss.
             The game lasted 00:14:46 (6888 turns).

pkoi the Grappler (Troll Fighter)                   Turns: 6888, Time: 00:14:46

Health: -2/92      AC: 15    Str: 33    XL:     10   Next: 61%
Magic:  14/14      EV:  9    Int:  4    God:    Makhleb [***...]
Gold:   695        SH: 17    Dex:  9    Spells: 9/9 levels left

rFire    + . .     SeeInvis +     - Unarmed
rCold    . . .     Faith    .   b - +1 kite shield
rNeg     + . .     Spirit   .   q - +4 troll leather armour of Depression {rF+ Regen+}
rPois    .         Reflect  +   d - +2 hat
rElec    +         Harm     .   r - +2 cloak
rCorr    .         Rampage  .   (gloves unavailable)
Will     .....                  (boots unavailable)
Stlth    +.........             y - amulet of reflection
HPRegen  2.25/turn              E - ring "Weotrohe" {Fly rElec rN+ Str+4}
MPRegen  0.14/turn              F - ring of see invisible

@: flying, studying Short Blades
A: large, unfitting armour, claws 3, regeneration 1, shaggy fur 1, tough skin 1
a: Renounce Religion, Minor Destruction, Lesser Servant of Makhleb


You were on level 2 of the Abyss.
You worshipped Makhleb.
Makhleb was most pleased with you.
You visited 2 branches of the dungeon, and saw 10 of its levels.
You visited the Abyss 1 time.
You also visited: Bailey.

You collected 695 gold pieces.

Inventory:

Missiles
 k - 21 poisoned darts
 v - 3 throwing nets
 C - 60 boomerangs (quivered)
Armour
 b - a +1 kite shield (worn)
 d - a +2 hat (worn)
 q - the +4 troll leather armour of Depression (worn) {rF+ Regen+}
   (You acquired it on level 5 of the Dungeon)

   rF:        It protects you from fire.
   Regen:     It increases your rate of health regeneration.
 r - a +2 cloak (worn)
Jewellery
 y - an amulet of reflection (around neck)
 E - the ring "Weotrohe" (left claw) {Fly rElec rN+ Str+4}
   (You found it in a bailey)

   [ring of flight]

   Str:       It affects your strength (+4).
   rElec:     It insulates you from electricity.
   rN:        It protects you from negative energy.
   Fly:       It grants you flight.
 F - a ring of see invisible (right claw)
 H - a ring of protection from cold
Wands
 m - a wand of polymorph (3)
 n - a wand of paralysis (5)
 p - a wand of mindburst (18)
 A - a wand of digging (11)
 B - a wand of charming (7)
Scrolls
 l - a scroll of blinking
 s - a scroll of fog
 w - a scroll of identify
 x - a scroll of enchant weapon
 G - a scroll of torment
Potions
 a - a potion of brilliance {unknown}
 c - 3 potions of might
 e - 4 potions of degeneration {unknown}
 f - 3 potions of curing {unknown}
 g - a potion of ambrosia
 h - 2 potions of heal wounds {unknown}
 i - a potion of berserk rage
 j - a potion of magic {unknown}
 o - a potion of attraction
 t - a potion of cancellation {unknown}
 u - 4 potions of lignification {unknown}
 z - 4 potions of flight
Miscellaneous
 D - a phantom mirror


   Skills:
 + Level 4.1 Fighting
 - Level 4.0 Throwing
 + Level 4.1 Dodging
 + Level 6.3 Shields
 * Level 10.0 Unarmed Combat
 * Level 7.1 Invocations


You had 9 spell levels left.
You didn't know any spells.
Your spell library contained the following spells:

 Spells                   Type           Power      Damage    Failure   Level
 Slow                     Hex            0%         N/A       86%         2
 Sublimation of Blood     Necr           0%         N/A       86%         2
 Wereblood                Tmut           0%         N/A       86%         2
 Confusing Touch          Hex            0%         N/A       98%         3
 Inner Flame              Hex/Fire       0%         N/A       98%         3
 Vampiric Draining        Necr           0%         2d6       98%         3
 Cause Fear               Hex            0%         N/A       100%        4
 Alistair's Intoxication  Tmut/Pois      0%         N/A       100%        5
 Borgnjor's Vile Clutch   Necr/Erth      0%         N/A       100%        5
 Yara's Violent Unravell  Hex/Tmut       0%         3d3       100%        5
 Eringya's Noxious Bog    Tmut/Pois      0%         N/A       100%        6
 Summon Hydra             Summ           0%         N/A       100%        7
 Discord                  Hex            0%         N/A       100%        8


Dungeon Overview and Level Annotations

Branches:
Dungeon (9/15)             Temple (1/1) D:4            Lair (0/6) D:9
 Bailey (visited)
    Orc: D:9-12

Altars:
Ashenzari
Cheibriados
Dithmenos
Elyvilon
Fedhas
Gozag
Hepliaklqana
Kikubaaqudgha
Makhleb
Nemelex Xobeh
Okawaru
Qazlal
Ru
Sif Muna
Trog
Uskayaw
Vehumet
Wu Jian
Xom
Yredelemnul
Zin
The Shining One

Shops:
D:4 !   D:8 [*

Annotations:
D:9 Erolcha


Innate Abilities, Weirdness & Mutations

You are too large for most types of armour.
You have claws for hands.
Your natural rate of healing is unusually fast.
You are covered in fur. (AC +1)
You have tough skin. (AC +1)


Message History

The balrug is wielding a +2 demon whip of electrocution.
The sun demon shouts!
The balrug gestures at you.
The fireball explodes!
The fireball engulfs you! You resist. The balrug gestures at you.
The bolt of fire hits the sun demon.
The sun demon completely resists.
The bolt of fire hits you! You resist.
* * * LOW HITPOINT WARNING * * *
You start resting.
A sun demon is nearby!
You barely miss the sun demon. The sun demon hits you!!
* * * LOW HITPOINT WARNING * * *
You are engulfed in flames!
You resist.
* * * LOW HITPOINT WARNING * * *
You claw the sun demon!
The sun demon is lightly wounded.
You barely miss the sun demon. The sun demon barely misses you.
The sun demon closely misses you. x2
Unknown command.
Okay, then.
Okay, then.
As you read the scroll of fog, it crumbles to dust.
The scroll dissolves into smoke.
The sun demon barely misses you. You block the sun demon's attack.
You block the sun demon's attack.
Okay, then.
Unknown command.
The balrug gestures at you. The bolt of fire hits you! You resist.
* * * LOW HITPOINT WARNING * * *
The sun demon hits you!!
* * * LOW HITPOINT WARNING * * *
You are engulfed in flames.
You resist.
* * * LOW HITPOINT WARNING * * *
The balrug gestures at you.
The fireball explodes!
The fireball engulfs you. You resist.
* * * LOW HITPOINT WARNING * * *
The balrug gestures at you. Something smites you!
You die...

. ..##.#......#. ..# #
#.....#....#.#.. . ###.
##..#...#.###.#. .
....###.......#..##.....
....#........#..#.###...
.............#..#..# . .
........#.#2..#...## #.#
........##3..#.#. #
.......@3....#.....
.####..#.##....#.#.#
#...####..###.#.# ###.
### .. . #. ## #. .. .#


You could see a balrug and 2 sun demons.

Vanquished Creatures
  A two-headed ogre (D:8)
  Pikel (D:5)
  2 orc knights (Bailey)
  An elephant (D:9)
  Grinder (D:3)
  Sigmund (D:3)
  3 steam dragons (D:9)
  An acid dragon (D:7)
  A water moccasin (D:5)
  A sky beast (D:7)
  3 black bears
  6 orc warriors
  An ice beast (D:6)
  2 ogres (D:4)
  A centaur (D:6)
  2 phantoms
  A kobold brigand (D:9)
  2 lemures
  3 bullfrogs
  2 scorpions
  A wyvern skeleton (D:6)
  5 hounds
  A jelly (D:4)
  2 centaur zombies (D:8)
  A gnoll shaman (D:9)
  7 orc priests
  2 centaur skeletons
  A scorpion zombie (D:5)
  Ijyb (D:4)
  An iguana (D:5)
  Natasha (twice) (D:3)
  4 orc wizards
  A hound skeleton (D:2)
  Robin (D:2)
  2 gnolls
  5 adders
  3 white imps
  An ufetubus (D:6)
  2 worms
  A dart slug (D:1)
  31 orcs
  8 endoplasms
  2 giant cockroaches
  20 goblins
  10 hobgoblins
  6 jackals
  2 quokkas (D:2)
  4 ball pythons
  7 bats
  4 frilled lizards
  19 kobolds
  4 rats
197 creatures vanquished.

Vanquished Creatures (collateral kills)
  An orc knight (Bailey)
  An orc (Bailey)
  2 kobolds (Bailey)
4 creatures vanquished.

Vanquished Creatures (others)
  A gnoll (D:9)
  5 toadstools (D:8)
6 creatures vanquished.

Grand Total: 207 creatures vanquished

Notes
Turn   | Place    | Note
-------+----------+-------------------------------------------
     0 | D:1      | pkoi the Troll Fighter began the quest for the Orb.
     0 | D:1      | Reached XP level 1. HP: 22/22 MP: 0/0
   236 | D:1      | Reached XP level 2. HP: 23/29 MP: 1/1
   525 | D:1      | Found a faded altar of an unknown god.
   526 | D:1      | Noticed an eye of devastation
   528 | D:1      | Noticed an eye of devastation
   528 | D:1      | Noticed an eye of devastation
   528 | D:1      | Noticed a great orb of eyes
   712 | D:2      | Noticed Robin
   717 | D:2      | Reached skill level 3 in Unarmed Combat
   729 | D:2      | Reached XP level 3. HP: 24/36 MP: 2/2
   749 | D:2      | Killed Robin
   931 | D:2      | Found a shimmering altar of Xom.
  1078 | D:2      | Reached XP level 4. HP: 44/44 MP: 3/3
  1516 | D:3      | Noticed Grinder
  1524 | D:3      | Paralysed by Grinder for 7 turns
  1619 | D:3      | Reached skill level 4 in Unarmed Combat
  1677 | D:3      | Noticed Natasha
  1683 | D:3      | Killed Natasha
  1756 | D:3      | Noticed Natasha
  1762 | D:3      | Killed Natasha
  1763 | D:3      | Reached skill level 1 in Throwing
  1763 | D:3      | Reached XP level 5. HP: 38/50 MP: 4/4
  1784 | D:3      | Killed Grinder
  1785 | D:3      | Reached skill level 5 in Unarmed Combat
  1785 | D:3      | Reached XP level 6. HP: 45/59 MP: 5/5
  1894 | D:3      | Noticed Sigmund
  1918 | D:3      | Killed Sigmund
  1919 | D:3      | Reached XP level 7. HP: 46/66 MP: 6/6
  2028 | D:4      | Found Yjosunwo's Distillery.
  2051 | D:4      | Reached skill level 6 in Unarmed Combat
  2120 | D:4      | Found a staircase to the Ecumenical Temple.
  2125 | D:4      | Noticed Ijyb
  2130 | D:4      | Paralysed by Ijyb for 4 turns
  2136 | D:4      | Killed Ijyb
  2144 | Temple   | Entered the Ecumenical Temple
  2414 | Temple   | Became a worshipper of Makhleb the Destroyer
  2634 | D:4      | Reached skill level 1 in Invocations
  3016 | D:5      | Entered Level 5 of the Dungeon
  3102 | D:5      | Reached XP level 8. HP: 63/74 MP: 8/8
  3153 | D:5      | Reached * piety under Makhleb
  3360 | D:5      | Reached skill level 7 in Unarmed Combat
  3804 | D:5      | Identified a scroll of acquirement
  3804 | D:5      | Acquired the +4 troll leather armour of Depression {rF+
                  | Regen+}
  4076 | D:6      | Noticed Pikel
  4227 | D:5      | Killed Pikel
  4228 | D:5      | Reached skill level 5 in Shields
  4228 | D:5      | Reached skill level 8 in Unarmed Combat
  4228 | D:5      | Reached XP level 9. HP: 80/80 MP: 9/11
  4774 | D:7      | Reached skill level 5 in Invocations
  4935 | D:7      | Reached ** piety under Makhleb
  5431 | D:8      | Found an iron altar of Okawaru.
  5453 | D:8      | Found Keluj's Elemental Accessories.
  5497 | D:8      | Found a burning altar of Makhleb.
  5619 | D:8      | Found a flagged portal.
  5638 | Bailey   | Entered a bailey
  5644 | Bailey   | Noticed an orc knight
  5660 | Bailey   | Noticed an orc knight
  5687 | Bailey   | Killed an orc knight
  5688 | Bailey   | Reached skill level 9 in Unarmed Combat
  5719 | Bailey   | Reached *** piety under Makhleb
  5757 | Bailey   | Killed an orc knight
  5758 | Bailey   | Reached XP level 10. HP: 91/91 MP: 13/13
  5759 | Bailey   | Noticed an orc knight
  5773 | Bailey   | Killed an orc knight
  5846 | Bailey   | Identified the ring "Weotrohe" {Fly rElec rN+ Str+4}
  6505 | D:8      | Found Payqanuwawn's Antique Armour Boutique.
  6628 | D:9      | Identified the +2 great sword "Fof Afedghuk" {holy, rF+
                  | Dex+7}
  6643 | D:9      | Noticed an elephant
  6644 | D:9      | Noticed Erolcha
  6670 | D:9      | Found a staircase to the Lair.
  6705 | D:9      | Noticed a two-headed ogre
  6722 | D:8      | Killed a two-headed ogre
  6821 | D:9      | Killed an elephant
  6822 | D:9      | Reached skill level 10 in Unarmed Combat
  6842 | D:9      | Cast into level 2 of the Abyss (Erolcha)
  6859 | Abyss:2  | Noticed a balrug
  6859 | Abyss:2  | Noticed a sun demon
  6859 | Abyss:2  | Noticed a sun demon
  6888 | Abyss:2  | Killed from afar by a balrug

Illustrated notes

Levels and vault maps discovered:
D:1:      minmay_arrival_wavy_path, layout_loops_ring,
          hellmonk_ecumenical_altar_watching_god
D:2:      layout_loops_ring, basic_altar, uniq_robin
D:3:      layout_basic, uniq_grinder, uniq_sigmund, uniq_natasha
D:4:      layout_cave_pods, minmay_temple_entry_junction, serial_shops, shop,
          uniq_ijyb
D:5:      layout_basic
D:6:      layout_cave_pools, uniq_pikel
D:7:      layout_basic
D:8:      layout_loops_ring, overflow_temple_1_default, enter_bailey_4,
          serial_shops, nicolae_lakefront_shop, nicolae_elemental_shop,
          minmay_gold_behind_fungi, david_defended_altar_orc
D:9:      layout_layer_cave, david_lair_generic, gammafunk_ghost_spectres,
          uniq_erolcha
Temple:   nicolae_temple_the_god_donut
Abyss:2:  base: D:8, evilmike_abyss_exit_14

Skill      XL: |  1  2  3  4  5  6  7  8  9 10 |
---------------+-------------------------------+-----
Unarmed Combat | 3 4 5 6 8 9 10 | 10.0
Shields        | 3 4 5 6 |  6.3
Throwing       | 1 2 3 4 |  4.0
Invocations    | 2 4 6 7 |  7.1
Fighting       | 3 4 |  4.1
Dodging        | 3 4 |  4.1

Action                   |  1- 3 |  4- 6 |  7- 9 | 10-12 || total
-------------------------+-------+-------+-------+-------++-------
Melee: Unarmed           |   102 |   101 |   380 |    91 ||   674
Throw: Dart              |       |     3 |       |       ||     3
       Boomerang         |       |       |     5 |       ||     5
Invok: Lesser Servant of |       |       |     1 |     3 ||     4
  Use: Scroll            |     3 |     2 |     8 |     2 ||    15
       Potion            |       |       |     1 |       ||     1
Armor: Robe              |    47 |    62 |    57 |       ||   166
       Troll leather arm |       |       |    78 |    51 ||   129
Dodge: Dodged            |    38 |    62 |    83 |    32 ||   215
Block: Kite shield       |    45 |    59 |   226 |    93 ||   423
       Reflection        |       |       |    13 |     4 ||    17
